 Dungeon Crawl Stone Soup version 0.21-a0-91-ga5031da (webtiles) character file.

59 Spazmo the Conjurer (level 3, 0/20 HPs)
             Began as a Deep Elf Conjurer on June 29, 2017.
             Killed from afar by Natasha (8 damage)
             ... with a magic dart
             ... on level 2 of the Dungeon.
             The game lasted 00:04:32 (1457 turns).

Spazmo the Conjurer (Deep Elf Conjurer)             Turns: 1457, Time: 00:04:33

Health: 0/20       AC:  3    Str:  5    XL:     3   Next: 78%
Magic:  2/10       EV: 13    Int: 20    God:
Gold:   23         SH:  0    Dex: 15    Spells: 7/10 levels left

rFire    . . .     SeeInvis .   e - +0 dagger
rCold    . . .     Gourm    .   (no shield)
rNeg     . . .     Faith    .   a - +0 robe
rPois    .         Spirit   .   (no helmet)
rElec    .         Reflect  .   (no cloak)
rCorr    .         Harm     .   (no gloves)
MR       .....                  m - +0 pair of boots
Stlth    +++.......             (no amulet)
HPRegen  0.06/turn              l - ring of stealth
MPRegen  0.12/turn              (no ring)

@: no status effects
A: no striking features
a: no special abilities


You were on level 2 of the Dungeon.
You were not hungry.

You visited 1 branch of the dungeon, and saw 2 of its levels.

You collected 23 gold pieces.

Inventory:

Hand Weapons
 e - a +0 dagger (weapon)
Missiles
 j - 65 stones (quivered)
Armour
 a - a +0 robe (worn)
 m - a +0 pair of boots (worn)
Jewellery
 h - an uncursed amulet of harm {unknown}
 l - a ring of stealth (left hand)
Scrolls
 k - 2 scrolls of identify {unknown}
 p - 2 scrolls of remove curse {unknown}
 r - 3 scrolls of teleportation
Potions
 d - a potion of curing
 f - a potion of cancellation {unknown}
 g - a potion of ambrosia
 i - 2 potions of haste {unknown}
 n - a potion of agility {unknown}
 o - a potion of experience {unknown}
 q - a potion of flight
 t - a potion of resistance {unknown}
Books
 b - a book of Conjurations

   Spells                             Type                      Level
   a - Magic Dart                     Conjuration                  1
   b - Searing Ray                    Conjuration                  2
   c - Dazzling Spray                 Conjuration/Hexes            3
   d - Fulminant Prism                Conjuration/Hexes            4
   e - Force Lance                    Conjuration/Translocation    4
   f - Iskenderun's Mystic Blast      Conjuration                  4
Comestibles
 c - 2 bread rations
 s - 2 fruits


   Skills:
 + Level 1.0 Fighting
 + Level 2.8 Dodging
 - Level 2.4 Stealth
 * Level 4.1 Spellcasting
 * Level 5.0 Conjurations


You had 7 spell levels left.
You knew the following spells:

 Your Spells              Type           Power        Failure   Level  Hunger
a - Magic Dart            Conj           ###.         1%          1    None
b - Searing Ray           Conj           ###...       2%          2    #......


Dungeon Overview and Level Annotations

Branches:
Dungeon (2/15)

Altars:
Dithmenos
Qazlal

Annotations:
D:2 Natasha


Message History

The white imp is heavily wounded.
The white imp completely misses you.
Casting: Magic Dart
Confirm with . or Enter, or press ? or * to list all spells.
Aiming: Magic Dart
Press: ? - help, Shift-Dir - straight line, f/p - Natasha
Aim: Natasha (heavily wounded)
The magic dart hits the white imp.
The white imp is severely wounded.
The white imp completely misses you.
Casting: Magic Dart
Confirm with . or Enter, or press ? or * to list all spells.
Aiming: Magic Dart
Press: ? - help, Shift-Dir - straight line, f/p - Natasha
Aim: Natasha (heavily wounded)
The magic dart hits the white imp.
You kill the white imp!
Natasha stares at you and mumbles some strange words.
The magic dart hits you!
You die...

####### #.....#
###########.###.#
.....h.@....# #.#
###############.#
#...........#
#.########### ..
#.# #.# .. #.#
#.# .# #.# #.# .#
#.# #.# .# #.#
#.#


You could see Natasha.

Vanquished Creatures
  An adder (D:2)
  3 worms (D:2)
  A leopard gecko (D:1)
  2 giant cockroaches (D:2)
  5 goblins
  6 hobgoblins (D:1)
  2 jackals (D:1)
  A kobold (D:1)
  10 bats
  5 frilled lizards
  5 rats
41 creatures vanquished.

Notes
Turn   | Place    | Note
-------+----------+-------------------------------------------
     0 | D:1      | Spazmo the Deep Elf Conjurer began the quest for the Orb.
     0 | D:1      | Reached XP level 1. HP: 10/10 MP: 6/6
   337 | D:1      | Reached XP level 2. HP: 9/15 MP: 1/8
   870 | D:1      | Reached XP level 3. HP: 20/20 MP: 5/10
   874 | D:1      | Learned a level 2 spell: Searing Ray
   948 | D:2      | Found a stormy altar of Qazlal.
  1323 | D:2      | Reached skill level 1 in Fighting
  1323 | D:2      | Reached skill level 5 in Conjurations
  1350 | D:2      | Found a shadowy altar of Dithmenos.
  1448 | D:2      | Noticed Natasha
  1457 | D:2      | Killed from afar by Natasha

Vault maps used:
D:1:      saegor_arrival_under_anarchy
D:2:      overflow_temple_1_default, lemuel_crystal_altar, uniq_natasha

Skill      XL: |  1  2  3 |
---------------+----------+-----
Spellcasting   | 4 |  4.1
Fighting       | 1 |  1.0
Conjurations   | 5 |  5.0
Dodging        | |  2.8
Stealth        | |  2.4

Action                   || total
-------------------------++-------
Melee: Dagger            ||     5
 Cast: Magic Dart        ||    93
  Use: Potion            ||     3
       Scroll            ||     1
  Eat: Chunk             ||     1
Armor: Robe              ||     3
Dodge: Dodged            ||    13
